 Dungeon Crawl Stone Soup version 0.32-a0-975-g85d4e5bfdb (webtiles) character file.

Game seed: 17888124562100827888

14 octoduck the Chopper (level 2, 0/26 HPs)
             Began as a Mountain Dwarf Fighter on Apr 19, 2024.
             Slain by an orc
             ... wielding a +1 flail of protection
              (4 damage)
             ... on level 3 of the Dungeon.
             The game lasted 00:01:44 (1057 turns).

octoduck the Chopper (Mountain Dwarf Fighter)       Turns: 1057, Time: 00:01:44

Health: 0/26       AC:  6    Str: 18    XL:     2   Next: 27%
Magic:  2/2        EV:  8    Int:  8    God:
Gold:   24         SH:  4    Dex:  9    Spells: 1/1 levels left

rFire   . . .        a - +0 war axe
rCold   . . .        c - +0 buckler
rNeg    . . .        b - +0 scale mail
rPois   .            (no helmet)
rElec   .            (no cloak)
rCorr   .            (no gloves)
SInv    .            (no boots)
Will    .....        (no amulet) Stlth
                     (no ring)
HPRegen 0.24/turn    (no ring)
MPRegen 0.08/turn

%: no passive effects
@: mighty
A: runic magic, artefact enchanting
a: no special abilities


You were on level 3 of the Dungeon.
You visited 1 branch of the dungeon, and saw 3 of its levels.

You collected 24 gold pieces.

Inventory:

Hand Weapons
 a - a +0 war axe (weapon)
Armour
 b - a +0 scale mail (worn)
 c - a +0 buckler (worn)
Jewellery
 f - a ring of ice
Wands
 g - a wand of roots (3)
Potions
 e - a potion of enlightenment
 h - a potion of lignification {unknown}
 i - a potion of resistance {unknown}


   Skills:
 - Level 3.2 Fighting
 + Level 3.6 Axes
 - Level 3.2 Armour
 - Level 3.2 Shields


You had one spell level left.
You didn't know any spells.
Your spell library was empty.

Dungeon Overview and Level Annotations

Branches:
Dungeon (3/15)

Altars:

Annotations:
D:2 Sigmund


Innate Abilities, Weirdness & Mutations

Your spellcasting is much less encumbered by armour.
You can use scrolls of enchantment on lesser artefacts.


Message History

An orc comes into view. It is wielding a +0 whip.
The orc shouts!
The orc priest miscasts a cantrip.
An orc comes into view.
It is wielding a +1 flail of protection.
You slash the orc priest!
The orc priest is severely wounded.
The orc priest invokes the aid of Beogh against you.
Pain shoots through your body! The orc priest closely misses you.
The orc priest threatens, "Beogh's wrath is as vast as their mercy.
Make your choice!" (press Y on the ability menu to convert to Beogh)
You closely miss the orc priest.
The orc priest is severely wounded.
You barely miss the orc. The orc hits you but does no damage.
The orc priest threatens, "Beogh's wrath is as vast as their mercy.
Make your choice!" The orc priest barely misses you.
You closely miss the orc priest.
The orc priest is severely wounded.
You hit the orc. You barely miss the orc. The orc hits you but does no damage.
You block the orc priest's attack. The orc barely misses you.
The orc hits you but does no damage.
You hit the orc priest.
The orc priest is almost dead.
The orc priest shouts, "The Pantheon deserves no one's loyalty.
Let us show you the true path!"
You hit the orc but do no damage. You hit the orc.
The orc priest mumbles some strange prayers to Beogh against you.
Pain shoots through your body!
* * * LOW HITPOINT WARNING * * *
The orc barely misses you. The orc hits you but does no damage.
The orc priest barely misses you. The orc hits you but does no damage.
You feel very mighty all of a sudden. The orc barely misses you. x2
The orc priest hits you with a +0 short sword.
* * * LOW HITPOINT WARNING * * *
The orc priest threatens, "Beogh's wrath is as vast as their mercy.
Make your choice!"
You slash the orc priest!
You kill the orc priest!
You barely miss the orc. You slash the orc!
You kill the orc!
The orc hits you with a +1 flail of protection.
You die...

. ....## #......#
...#.#.#.... #......#
.......#.#.#####......#
.............)†.......#
......#....##.##......#
......#.#..##.#######.#
#...........## # ##
.#......##o.# ##.# ..
#.......@).####...#
#.#......)#.......$.#
#....####.####....#.#
#.##.# #...##....# #
#.####....o....#
#....#...#..!.=#
#....#...#.....#
#....#...#.###.#
#....#...#o .#


You could see an orc.

Vanquished Creatures
  An orc priest (D:3)
  An orc (D:3)
  2 endoplasms (D:1)
  2 hobgoblins (D:1)
  A quokka (D:1)
  A ball python (D:3)
  A bat (D:1)
  2 frilled lizards (D:1)
  A goblin (D:2)
  3 kobolds
  A rat (D:3)
16 creatures vanquished.

Notes
Turn   | Place    | Note
-------+----------+-------------------------------------------
     0 | D:1      | octoduck the Mountain Dwarf Fighter began the quest for the
                  | Orb.
     0 | D:1      | Reached XP level 1. HP: 19/19 MP: 1/1
   363 | D:1      | Reached XP level 2. HP: 26/26 MP: 2/2
   890 | D:2      | Noticed Sigmund
  1057 | D:3      | Slain by an orc

Illustrated notes

Levels and vault maps discovered:
D:1:      dpeg_arrival_court, layout_loops_cross
D:2:      layout_loops_ring, uniq_sigmund
D:3:      layout_basic, kiku_gazebo_garden_becter

Skill      XL: |  1 |
---------------+----+-----
Axes           | 3 |  3.6
Fighting       | |  3.2
Armour         | |  3.2
Shields        | |  3.2

Action                     || total
---------------------------++-------
  Melee: War axe           ||    67
    Use: Scroll            ||     4
         Potion            ||     1
 Armour: Scale mail        ||    60
  Dodge: Dodged            ||    23
  Block: Buckler           ||    17

Table legend: (Time is in decaauts)
 A = Elapsed time spent in this place.
 B = Non-inter-level travel time spent in this place.
 C = Inter-level travel time spent in this place.
 D = Time resting spent in this place.
 E = Time spent auto-exploring this place.
 F = Levels seen in this place.
 G = Mean time per level.
                   A        B        C        D        E       F      G
               +--------+--------+--------+--------+--------+-----+--------+
         Total |   1081 |   1057 |     24 |    179 |    627 |   3 |  360.3 |
       Dungeon |   1081 |   1057 |     24 |    179 |    627 |   3 |  360.3 |
               +--------+--------+--------+--------+--------+-----+--------+

Top non-repeatable levels by time:
     D:1: 876 daAuts
     D:3: 167 daAuts
     D:2: 38 daAuts
